 Dungeon Crawl Stone Soup version 0.29.1-12-g30fa7ad0bf (webtiles) character file.

Game seed: 13525896270646552728

4 tictacthegrate the Trooper (level 1, -3/20 HPs)
             Began as a Hill Orc Berserker on Jan 2, 2023.
             Was a Follower of Trog.
             Slain by a scorpion (4 damage)
             ... on level 4 of the Dungeon.
             The game lasted 00:01:43 (385 turns).

tictacthegrate the Trooper (Hill Orc Berserker)      Turns: 385, Time: 00:01:44

Health: -3/20      AC:  2    Str: 19    XL:     1   Next: 60%
Magic:  1/1        EV: 12    Int:  7    God:    Trog [*.....]
Gold:   74         SH:  0    Dex: 10    Spells: 0/0 levels left

rFire   . . .      SeeInvis .   a - +0 falchion
rCold   . . .      Faith    .   (no shield)
rNeg    . . .      Spirit   .   b - +0 animal skin
rPois   .          Reflect  .   (no helmet)
rElec   .          Harm     .   (no cloak)
rCorr   .          Rampage  .   (no gloves)
Will    .....                   (no boots)
Stlth   +.........              (no amulet)
HPRegen 0.06/turn               (no ring)
MPRegen 0.07/turn               (no ring)

@: lethally poisoned (-3 -> -6)
A: no striking features
a: Renounce Religion, Berserk


You were on level 4 of the Dungeon.
You worshipped Trog.
Trog was aware of your devotion.
You visited 1 branch of the dungeon, and saw 4 of its levels.

You collected 74 gold pieces.

Inventory:

Hand Weapons
 a - a +0 falchion (weapon)
Armour
 b - a +0 animal skin (worn)
Jewellery
 e - a ring of ice
Scrolls
 c - a scroll of fog {unknown}
 d - a scroll of identify {unknown}
 g - a scroll of torment {unknown}
 i - a scroll of teleportation {unknown}
Potions
 f - a potion of heal wounds {unknown}
 h - a potion of degeneration {unknown}


   Skills:
 + Level 3.8 Fighting
 + Level 3.4 Long Blades
 + Level 2.2 Armour
 + Level 1.6 Dodging


You couldn't memorise any spells.
You didn't know any spells.
Your spell library contained the following spells:

 Spells                   Type           Power      Damage    Failure   Level
 Blink                    Tloc           0%         N/A       56%         2
 Lesser Beckoning         Tloc           0%         N/A       80%         3
 Manifold Assault         Tloc           0%         N/A       100%        5


Dungeon Overview and Level Annotations

Branches:
Dungeon (4/15)
 Temple: D:4-7

Altars:


Message History

The bat closely misses you. The bat hits you but does no damage.
The bat closely misses you. x2
You miss the bat.
The bat is severely wounded.
The bat closely misses you. The bat hits you but does no damage.
The bat hits you.
You hit the bat.
The bat is severely wounded.
The bat closely misses you. The bat hits you but does no damage. x2
The bat closely misses you.
You hit the bat.
You kill the bat!
Trog accepts your kill.
You see here a bat corpse.
Found a stone staircase leading down.
There is a stone staircase leading down here.
You climb downwards.
Found a scroll labelled QYKUNE JONNY.
There is a stone staircase leading up here.
You see here a scroll labelled QYKUNE JONNY.
The scorpion closely misses you. The scorpion attacks as you move away!
The scorpion closely misses you. The scorpion attacks as you move away!
The scorpion closely misses you. The scorpion attacks as you move away!
The scorpion closely misses you. The scorpion attacks as you move away!
The scorpion stings you.
You are lethally poisoned!
The scorpion poisons you!
Found a dagger.
* * * LOW HITPOINT WARNING * * *
You feel sick. The scorpion misses you. The scorpion attacks as you move away!
The scorpion stings you.
* * * LOW HITPOINT WARNING * * *
A necrophage comes into view.
* * * LOW HITPOINT WARNING * * *
You feel sick.
You barely miss the scorpion.
* * * LOW HITPOINT WARNING * * *
You feel sick. The scorpion stings you.
You die...

#) #. .
..
..###.
#.....#
#....##
#..@#
#...#s#
#.n.#
#.# ...
#.# .
#.#
#.## #.
#..#
#.#
##.#
#..#
##.###


You could see a necrophage and a scorpion.

Vanquished Creatures
  An endoplasm (D:3)
  A bat (D:3)
  3 frilled lizards
5 creatures vanquished.

Notes
Turn   | Place    | Note
-------+----------+-------------------------------------------
     0 | D:1      | tictacthegrate the Hill Orc Berserker began the quest for
                  | the Orb.
     0 | D:1      | Reached XP level 1. HP: 19/19 MP: 1/1
   368 | D:4      | Noticed a scorpion
   384 | D:4      | Noticed a necrophage
   385 | D:4      | HP: 1/20 [poisoned by a scorpion]
   385 | D:4      | Slain by a scorpion

Illustrated notes

Levels and vault maps discovered:
D:1:      dpeg_arrival_erosion, layout_loops_ring
D:2:      layout_rooms, hellmonk_ecumenical_altar_zigzags
D:3:      layout_loops_ring
D:4:      layout_rooms, minmay_temple_entry_sparse_star, uniq_grinder

Action                   || total
-------------------------++-------
Melee: Falchion          ||    17
Armor: Animal skin       ||    10
Dodge: Dodged            ||    24
